 Dungeon Crawl Stone Soup version 0.25-a0-1137-g7f6bfe439b (webtiles) character file.

Game seed: 9287960184270716895, levelgen mode: deterministic

881 MalarOregon the Basher (level 7, -3/55 HPs)
             Began as a Pale Draconian Gladiator on May 23, 2020.
             Slain by a gnoll
             ... wielding a +0 flail
              (7 damage)
             ... on level 5 of the Dungeon on May 24, 2020.
             The game lasted 00:13:13 (5017 turns).

MalarOregon the Basher (Pale Draconian Gladiator)   Turns: 5017, Time: 00:13:13

Health: -3/55      AC: 11    Str: 16    XL:     7   Next: 75%
Magic:  7/7        EV: 13    Int: 11    God:
Gold:   146        SH:  0    Dex: 12    Spells: 6/6 levels left

rFire    . . .     SeeInvis .   a - +3 flail
rCold    . . .     Gourm    .   (no shield)
rNeg     + . .     Faith    .   (armour unavailable)
rPois    .         Spirit   .   b - +2 hat
rElec    .         Reflect  .   j - +2 cloak
rCorr    .         Harm     .   (no gloves)
MR       +....                  (no boots)
Stlth    +.........             (no amulet)
HPRegen  0.18/turn              l - ring of protection from magic
MPRegen  0.10/turn              u - ring of positive energy

@: no status effects
A: breathe steam, unfitting armour, cold-blooded, AC +6
a: Breathe Steam


You were on level 5 of the Dungeon.
You were not hungry.

You visited 1 branch of the dungeon, and saw 5 of its levels.

You collected 146 gold pieces.

Inventory:

Hand Weapons
 a - a +3 flail (weapon)
Missiles
 c - 3 throwing nets (quivered) {!f}
Armour
 b - a +2 hat (worn)
 j - a +2 cloak (worn)
   (You found it on level 1 of the Dungeon)
Jewellery
 l - a ring of protection from magic (left hand)
   (You found it on level 4 of the Dungeon)
 u - a ring of positive energy (right hand)
   (You found it on level 4 of the Dungeon)
 z - an uncursed ring of see invisible
   (You found it on level 4 of the Dungeon)
Wands
 t - a wand of flame (38)
   (You found it on level 2 of the Dungeon)
Scrolls
 i - a scroll of enchant armour
 n - a scroll of fear
 p - 2 scrolls of teleportation {@r4}
 q - a scroll of magic mapping {unknown}
 r - a scroll of remove curse {unknown}
Potions
 d - 2 potions of curing {unknown}
 g - a potion of degeneration {unknown}
 h - a potion of berserk rage {unknown}
 k - a potion of heal wounds {unknown}
 o - a potion of ambrosia {unknown}
 s - a potion of stabbing {unknown}
Comestibles
 e - 9 rations {!d}
 f - a chunk of flesh


   Skills:
 - Level 2.1 Fighting
 + Level 9.4 Maces & Flails
 - Level 1.7 Throwing
 - Level 2.6 Dodging


You had 6 spell levels left.
You didn't know any spells.
Your spell library was empty.

Dungeon Overview and Level Annotations

Branches:
Dungeon (5/15)
 Temple: D:4-7

Altars:
Ashenzari


Innate Abilities, Weirdness & Mutations

You can breathe blasts of scalding, opaque steam.
Your pale cyan-grey scales are hard. (AC +6)
You cannot fit into any form of body armour.
You are cold-blooded and may be slowed by cold attacks.


Message History

The gnoll hits you but does no damage.
The centaur shoots an arrow.
The arrow closely misses you. The gnoll closely misses you.
The gnoll barely misses you.
Throwing (i - inventory. (/) - cycle)
m - 2 atropa-tipped darts (quivered)
Aim: a gnoll, wielding a +0 club (chance to blind on hit: 100%)
You throw an atropa-tipped dart.
The atropa-tipped dart closely misses the gnoll.
The atropa-tipped dart hits the centaur.
The centaur resists.
Throwing (i - inventory. (/) - cycle)
m - an atropa-tipped dart (quivered)
Aim: a gnoll, wielding a +0 club (chance to blind on hit: 100%)
You throw an atropa-tipped dart. The atropa-tipped dart hits the gnoll.
The gnoll appears confused.
The gnoll barely misses you.
You thump the gnoll!
You kill the gnoll!
You sock the centaur!
The centaur unwields a +0 shortbow.
The centaur hits you!
* * * LOW HITPOINT WARNING * * *
You sock the centaur!
You kill the centaur!
The gnoll hits you but does no damage. The gnoll hits you with a +0 spear.
* * * LOW HITPOINT WARNING * * *
Items here: (( )) †† You hit the gnoll.
The gnoll hits you with a +0 spear.
* * * LOW HITPOINT WARNING * * *
You sock the gnoll!
You kill the gnoll!
The gnoll shouts!
Things that are here:
a +0 spear; a gnoll corpse You butcher the gnoll corpse.
Things that are here:
a +0 spear; a chunk of flesh; a gnoll skeleton You see here an atropa-tipped dart.
There isn't anything to butcher here.
Things that are here:
a +0 spear; a chunk of flesh; a gnoll skeleton
Items here: (( )) †† You see here a scorpion corpse.
You start resting.
The gnoll is too close now for your liking.
You sock the gnoll! The gnoll hits you with a +0 flail!
* * * LOW HITPOINT WARNING * * *
You hit the gnoll.
Your tail-slap misses the gnoll.
The gnoll closely misses you.
You closely miss the gnoll.
You tail-slap the gnoll, but do no damage.
The gnoll hits you with a +0 flail!
You die...

........#### ####..#.....##
#.......# #.#..#####
#.......# #.......#
####......# #.......#
......l...# #.......#
#.......# #.......#
###.$.)...### ##.......#
....?..(....######...........
###!.........#..@............
#.....?....####g...........
##........#####.......##...
.........†(()g.........# ...
################.......#
#########


You could see a gnoll.

Vanquished Creatures
  Sigmund (D:2)
  A centaur (D:5)
  A gnoll sergeant (D:5)
  A scorpion (D:5)
  A howler monkey (D:4)
  2 bullfrog skeletons
  An iguana (D:5)
  2 worker ants
  3 orc wizards
  Robin (D:2)
  7 gnolls
  8 adders
  An adder zombie (D:5)
  An adder skeleton (D:5)
  6 worms
  4 dart slugs
  6 orcs
  12 bats
  A giant cockroach (D:1)
  18 goblins
  9 hobgoblins
  4 jackals (D:2)
  10 kobolds
  A quokka (D:5)
  A ball python (D:1)
  3 frilled lizards
  10 rats
116 creatures vanquished.

Notes
Turn   | Place    | Note
-------+----------+-------------------------------------------
     0 | D:1      | MalarOregon the Draconian Gladiator began the quest for the
                  | Orb.
     0 | D:1      | Reached XP level 1. HP: 17/17 MP: 1/1
    68 | D:1      | Found a shattered altar of Ashenzari.
   132 | D:1      | Reached XP level 2. HP: 24/24 MP: 2/2
   671 | D:1      | Reached skill level 4 in Maces & Flails
   851 | D:1      | Reached XP level 3. HP: 29/29 MP: 3/3
  1385 | D:2      | Noticed Robin
  1549 | D:2      | Reached XP level 4. HP: 22/36 MP: 4/4
  1705 | D:2      | Reached skill level 5 in Maces & Flails
  1926 | D:2      | Killed Robin
  2195 | D:2      | Noticed Sigmund
  2211 | D:2      | Killed Sigmund
  2211 | D:2      | Reached skill level 6 in Maces & Flails
  2211 | D:2      | Reached XP level 5. HP: 40/41 MP: 5/5
  2211 | D:2      | Reached XP level 6. HP: 47/48 MP: 6/6
  3287 | D:3      | Reached skill level 7 in Maces & Flails
  4201 | D:4      | Reached skill level 8 in Maces & Flails
  4201 | D:4      | Your scales start taking on a pale cyan-grey colour.
  4201 | D:4      | Reached XP level 7. HP: 41/55 MP: 7/7
  4600 | D:5      | Entered Level 5 of the Dungeon
  4985 | D:5      | Reached skill level 9 in Maces & Flails
  5017 | D:5      | Slain by a gnoll

Illustrated notes

Levels and vault maps discovered:
D:1:      psy_arrival_dodecagon, layout_loops_ring, nicolae_ashenzari_panopticon
D:2:      layout_basic, first_ration, uniq_sigmund, uniq_robin
D:3:      layout_basic, cheibrodos_sewer_entry_bend
D:4:      layout_loops_cross, minmay_misc_feat_chi
D:5:      layout_rooms, tso_altar

Skill      XL: |  1  2  3  4  5  6  7 |
---------------+----------------------+-----
Maces & Flails | 4 6 8 9 |  9.4
Fighting       | |  2.1
Throwing       | |  1.7
Dodging        | |  2.6

Action                   |  1- 3 |  4- 6 |  7- 9 || total
-------------------------+-------+-------+-------++-------
Melee: Flail             |   112 |   188 |    83 ||   383
       Tailslap          |     9 |    16 |    14 ||    39
Throw: Throwing net      |       |     1 |       ||     1
       Dart              |       |       |     2 ||     2
  Use: Scroll            |       |     7 |       ||     7
 Stab: Held in net/web   |       |     1 |       ||     1
       Sleeping          |       |     1 |       ||     1
  Eat: Chunk             |     2 |     9 |     2 ||    13
Armor: Skin              |    44 |    66 |    32 ||   142
Dodge: Dodged            |    94 |   135 |    44 ||   273

Table legend:
 A = Non-vault XP
 B = Vault XP
 C = Vault XP percentage of total XP
 D = Non-vault monster count
 E = Vault monster count
 F = Vault count percentage of total count
                 A         B        C        D         E       F
            +---------+---------+-------+---------+---------+-------
      Total |     979 |     280 |  22.2 |     100 |      16 |  13.8
            +---------+---------+-------+---------+---------+-------
        D:1 |      41 |       0 |   0.0 |      26 |       0 |   0.0
        D:2 |      86 |     270 |  75.8 |      26 |      14 |  35.0
        D:3 |     156 |      10 |   6.0 |      22 |       2 |   8.3
        D:4 |     202 |       0 |   0.0 |       8 |       0 |   0.0
        D:5 |     494 |       0 |   0.0 |      18 |       0 |   0.0
            +---------+---------+-------+---------+---------+-------
